 Dungeon Crawl Stone Soup version 0.20-a0-492-g6327889 (webtiles) character file.

4152 nikopol the Chopper (level 10, 0/94 HPs)
             Began as a Gargoyle Berserker on Jan 15, 2017.
             Was an Elder of Trog.
             Slain by an orc warrior
             ... wielding a +0 short sword
              (9 damage)
             ... on level 8 of the Dungeon.
             The game lasted 00:19:29 (8194 turns).

nikopol the Chopper (Gargoyle Berserker)            Turns: 8194, Time: 00:19:30

Health: 0/94       AC: 21    Str: 28    XL:     10   Next: 28%
Magic:  10/10      EV: 11    Int:  8    God:    Trog [****..]
Gold:   406        SH:  6    Dex: 19    Spells: 9/9 levels left

rFire    . . .     SeeInvis +   a - +0 war axe
rCold    . . .     Gourm    .   p - +1 plate armour of the Comet {-Tele Str+2 Dex+7 SInv}
rNeg     + . .     Faith    .   (no shield)
rPois    ∞         Spirit   .   (no helmet)
rElec    +         Reflect  +   (no cloak)
rCorr    +         Harm     .   (no gloves)
MR       .....     NoTele   +   (no boots)
Stlth    ..........             v - +6 amulet of reflection
Regen    0.2/turn               (no ring)
                                t - ring of resist corrosion

@: berserking, very quick
A: negative energy resistance 1, electricity resistance, unbreathing,
petrification resistance, rot immunity, AC +7
a: Berserk, Trog's Hand, Brothers in Arms, Burn Spellbooks, Renounce Religion


You were on level 8 of the Dungeon.
You worshipped Trog.
Trog was greatly pleased with you.
You were very hungry.

You visited 1 branch of the dungeon, and saw 8 of its levels.

You collected 406 gold pieces.

Inventory:

Hand Weapons
 a - a +0 war axe (weapon)
 d - a +0 hand axe
 z - a +1 shortbow
Missiles
 m - 96 arrows (quivered)
Armour
 p - the +1 plate armour of the Comet (worn) {-Tele Str+2 Dex+7 SInv}
   (You acquired it on level 8 of the Dungeon)

   It affects your strength (+2).
   It affects your dexterity (+7).
   It lets you see invisible.
   It prevents most forms of teleportation.
 E - +1 ice dragon scales
Jewellery
 t - a ring of resist corrosion (left hand)
 v - a +6 amulet of reflection (around neck)
Wands
 l - a wand of acid (7/15)
 n - a wand of paralysis (24/24)
Scrolls
 f - a scroll of amnesia
 g - 8 scrolls of identify
 i - 2 scrolls of recharging
 o - 5 scrolls of remove curse
 u - a scroll of random uselessness
 w - 5 scrolls of teleportation
 y - a scroll of immolation
 G - a scroll of magic mapping {unknown}
Potions
 b - a potion of degeneration {unknown}
 e - 4 potions of curing {unknown}
 j - 2 potions of mutation {unknown}
 k - 3 potions of flight {unknown}
 q - a potion of ambrosia {unknown}
 C - a potion of might {unknown}
 D - 2 potions of heal wounds {unknown}
 F - a potion of agility
Comestibles
 c - 4 bread rations
 h - 6 meat rations


   Skills:
 + Level 7.2 Fighting
 * Level 7.6 Axes
 * Level 6.8 Bows
 + Level 6.9 Armour
 + Level 5.1 Dodging


You had 9 spell levels left.
You didn't know any spells.

Dungeon Overview and Level Annotations

Branches:
Dungeon (8/15)             Temple (0/1) D:5
   Lair: D:8-11

Altars:


Innate Abilities, Weirdness & Mutations

You are resistant to torment.
Your stone body is resilient. (AC +7)
You are immune to poison.
You resist negative energy. (rN+)
You are resistant to electric shocks. (rElec)
You can survive without breathing.
You are immune to petrification.
You are immune to rotting.


Message History

You block the orc warrior's attack.
You closely miss the orc warrior.
The orc warrior is almost dead.
The orc hits you but does no damage.
The orc warrior hits you but does no damage.
You hit the orc warrior but do no damage.
The orc warrior is almost dead.
The orc closely misses you.
The orc warrior hits you but does no damage.
You closely miss the orc warrior.
The orc warrior is almost dead.
The orc hits you but does no damage.
Your plate armour of the Comet prevents you from hitting the orc warrior.
The orc warrior is almost dead.
The orc warrior hits you but does no damage.
You closely miss the orc warrior.
The orc warrior is almost dead.
The orc hits you but does no damage.
The orc warrior hits you with a short sword!
You die...

.....##....########
....###..####
....###..#
........########
#..?##.........# #.
#.........#
#.........#
#.......)†..#
............@######
####.......)o)......
#.......(?#o###..
#.......(.....
...........##(.
#.......(.## .((.
#######.(## .(. ....
.. ..(.


You could see an orc warrior and an orc.

Vanquished Creatures
  A two-headed ogre (D:8)
  Pikel (D:6)
  A queen bee (D:8)
  2 hippogriffs
  Sigmund (D:6)
  A hungry ghost (D:7)
  An ice beast (D:7)
  A sky beast (D:6)
  3 slaves (D:6)
  An ogre (D:7)
  A phantom (D:5)
  A centaur (D:5)
  2 bullfrogs (D:7)
  A gnoll sergeant (D:7)
  2 scorpions
  13 killer bees
  2 howler monkeys
  An electric eel (D:6)
  A bullfrog zombie (D:5)
  A crimson imp (D:5)
  A quasit (D:7)
  A centaur zombie (D:8)
  3 orc priests
  A bullfrog skeleton (D:4)
  3 hounds
  Ijyb (D:3)
  2 orc wizards
  8 worker ants
  6 gnolls
  6 adders
  2 shadow imps (D:7)
  An ooze (D:1)
  A worm (D:5)
  2 dart slugs
  4 leopard geckos
  13 orcs
  7 giant cockroaches
  6 goblins
  3 hobgoblins
  8 jackals
  7 quokkas
  5 ball pythons
  5 bats
  2 frilled lizards
  5 kobolds
  A quokka skeleton (D:5)
  4 rats
146 creatures vanquished.

Notes
Turn   | Place    | Note
-------+----------+-------------------------------------------
     0 | D:1      | nikopol the Gargoyle Berserker began the quest for the Orb.
     0 | D:1      | Reached XP level 1. HP: 14/14 MP: 1/1
   744 | D:1      | Reached XP level 2. HP: 19/19 MP: 2/2
  1249 | D:1      | Reached XP level 3. HP: 23/23 MP: 3/3
  2005 | D:3      | Noticed Ijyb
  2034 | D:3      | Killed Ijyb
  2034 | D:3      | Reached ** piety under Trog
  2034 | D:3      | Reached XP level 4. HP: 19/29 MP: 4/4
  2246 | D:3      | Reached XP level 5. HP: 8/33 MP: 5/5
  2885 | D:4      | Reached XP level 6. HP: 25/39 MP: 6/6
  3711 | D:5      | Entered Level 5 of the Dungeon
  3719 | D:5      | Found a staircase to the Ecumenical Temple.
  4170 | D:5      | Reached skill level 5 in Fighting
  4241 | D:5      | Reached XP level 7. HP: 20/44 MP: 7/7
  4697 | D:5      | Reached *** piety under Trog
  4835 | D:5      | Reached skill level 1 in Bows
  5255 | D:6      | Reached XP level 8. HP: 8/50 MP: 8/8
  5781 | D:6      | Noticed Sigmund
  5798 | D:6      | Killed Sigmund
  5798 | D:6      | Reached skill level 5 in Axes
  5798 | D:6      | Reached skill level 5 in Armour
  5941 | D:6      | Noticed Pikel
  5971 | D:6      | Killed Pikel
  6757 | D:7      | Noticed a hippogriff
  6773 | D:7      | Killed a hippogriff
  6773 | D:7      | Reached XP level 9. HP: 55/55 MP: 9/9
  6775 | D:7      | Received a gift from Trog
  7380 | D:7      | Reached skill level 5 in Bows
  7431 | D:8      | Noticed a two-headed ogre
  7442 | D:8      | Killed a two-headed ogre
  7442 | D:8      | Reached skill level 5 in Dodging
  7918 | D:8      | Reached XP level 10. HP: 45/61 MP: 10/10
  8108 | D:8      | Identified a scroll of acquirement
  8109 | D:8      | Got a jacinth-encrusted plate armour
  8120 | D:8      | Identified the +1 plate armour of the Comet {-Tele Str+2 Dex+7 SInv} (You acquired it on level 8 of the Dungeon)
  8188 | D:8      | Reached **** piety under Trog
  8194 | D:8      | Slain by an orc warrior

Vault maps used:
D:1:      erik_arrival_cave_to_civilisation
D:3:      uniq_iyjb
D:4:      serial_bayou, serial_bayou_pond_c, serial_bayou_crossing,
          serial_bayou_lagoon_b, serial_bayou_shore_b
D:5:      first_bread
D:6:      wad_lake_hut, mumra_transporter_accident, uniq_pikel, uniq_sigmund
D:8:      serial_shops, shop, shop, lightli_ossuary_entry_decrepit_ruins,
          david_nohive_1

Skill      XL: |  1  2  3  4  5  6  7  8  9 10 |
---------------+-------------------------------+-----
Dodging        | 2 3 4 5 |  5.1
Armour         | 3 4 5 6 |  6.9
Axes           | 3 4 6 7 |  7.6
Fighting       | 4 5 6 7 |  7.2
Bows           | 2 4 6 |  6.8

Action                   |  1- 3 |  4- 6 |  7- 9 | 10-12 || total
-------------------------+-------+-------+-------+-------++-------
Melee: Hand axe          |   131 |   200 |   336 |    20 ||   687
       War axe           |       |       |       |    94 ||    94
 Fire: Shortbow          |       |       |   108 |    15 ||   123
Invok: Berserk           |     1 |     2 |     4 |     2 ||     9
  Use: Scroll            |       |     2 |     3 |     7 ||    12
 Stab: Sleeping          |     1 |       |       |       ||     1
  Eat: Chunk             |     3 |    10 |     9 |     2 ||    24
       Fruit             |       |       |     3 |       ||     3
       Bread ration      |       |       |     1 |       ||     1
       Beef jerky        |       |       |     1 |       ||     1
Armor: Animal skin       |    41 |     1 |       |       ||    42
       Ring mail         |       |    76 |    69 |       ||   145
       Ice dragon scales |       |       |   167 |    74 ||   241
       Plate armour      |       |       |       |    28 ||    28
Dodge: Dodged            |   101 |   128 |   261 |   106 ||   596
Block: Other             |       |     6 |   128 |    64 ||   198
       Reflection        |       |     3 |       |       ||     3
